 Dungeon Crawl Stone Soup version 0.23.0-2-g0fe3ce5 (webtiles) character file.

Game seed: 6838150635224047596

49156 Flap the Severer (level 14, 0/110 HPs)
             Began as a Mummy Fighter on Feb 19, 2019.
             Was an Initiate of Gozag.
             Slain by a slime creature (15 damage)
             ... on level 15 of the Dungeon.
             The game lasted 00:44:53 (22423 turns).

Flap the Severer (Mummy Fighter)                   Turns: 22423, Time: 00:44:54

Health: 0/110      AC: 19    Str: 23    XL:     14   Next: 14%
Magic:  31/31      EV: 14    Int:  8    God:    Gozag
Gold:   3083       SH:  7    Dex: 12    Spells: 23/24 levels left

rFire    . . .     SeeInvis .   a - +1 broad axe (elec)
rCold    + + .     Gourm    .   J - +2 buckler {reflect}
rNeg     + + +     Faith    .   n - +3 scale mail
rPois    ∞         Spirit   .   l - +0 helmet
rElec    .         Reflect  +   (no cloak)
rCorr    .         Harm     .   f - +2 pair of gloves
MR       +....                  u - +2 pair of boots
Stlth    ..........             E - amulet of regeneration
HPRegen  0.68/turn              c - +4 ring of evasion
MPRegen  0.22/turn              F - ring of Impatience {rPois rF+ rC+ MP+9 Stlth-}

@: gold aura
A: no food or potions, fire vulnerability, cold resistance 1, negative energy
resistance 3, torment resistance, unbreathing, in touch with death 1
a: Potion Petition, Call Merchant, Bribe Branch, Renounce Religion


You were on level 15 of the Dungeon.
You worshipped Gozag.
Gozag was most pleased with you.
You were not hungry.

You visited 2 branches of the dungeon, and saw 16 of its levels.

You collected 4010 gold pieces.
You spent 885 gold pieces at shops.
You paid 42 gold pieces to Gozag.

Inventory:

Hand Weapons
 a - a +1 broad axe of electrocution (weapon)
 b - a +0 blowgun
 d - a +0 war axe of draining
 j - a +2 scimitar of flaming
 v - a +2 vampiric war axe
 y - a +0 trident of freezing
 A - a +4 demon trident
Missiles
 q - 87 poisoned needles
 s - 20 tomahawks (quivered)
 z - 3 poisoned tomahawks
 D - 4 javelins
Armour
 f - a +2 pair of gloves (worn)
 l - a +0 helmet (worn)
 n - a +3 scale mail (worn)
 u - a +2 pair of boots (worn)
 J - a +2 buckler of reflection (worn)
Jewellery
 c - a +4 ring of evasion (left hand)
 o - an uncursed ring of protection from magic
 E - an amulet of regeneration (around neck)
 F - the ring of Impatience (right hand) {rPois rF+ rC+ MP+9 Stlth-}
   (You bought it in a shop on level 9 of the Dungeon)

   [ring of magical power]

   It protects you from fire.
   It protects you from cold.
   It protects you from poison.
   It affects your magic capacity (+9).
   It makes you less stealthy.
Wands
 k - a wand of disintegration (12)
 p - a wand of enslavement (13)
 r - a wand of acid (10)
 w - a wand of iceblast (12)
 B - a wand of polymorph (18)
Scrolls
 e - 2 scrolls of blinking
 g - 3 scrolls of amnesia
 h - 3 scrolls of fear
 i - 6 scrolls of teleportation
 m - 15 scrolls of remove curse
 x - 3 scrolls of fog
 C - 4 scrolls of immolation
 G - 3 scrolls of brand weapon
 H - 5 scrolls of identify
Miscellaneous
 I - a lamp of fire


   Skills:
 + Level 10.0 Fighting
 + Level 15.0 Axes
 + Level 8.8 Armour
 - Level 7.0 Shields
 * Level 5.6 Spellcasting
 * Level 4.1 Hexes


You had 23 spell levels left.
You knew the following spells:

 Your Spells              Type           Power        Failure   Level  Hunger
a - Confusing Touch       Hex            #.....       10%         1    N/A

Your spell library contained the following spells:

 Spells                   Type           Power        Failure   Level  Hunger
 Confuse                  Hex            #.......     30%         3    N/A
 Summon Small Mammal      Summ           #...         47%         1    N/A
 Summon Guardian Golem    Hex/Summ       #.......     56%         3    N/A
 Call Imp                 Summ           #.......     63%         2    N/A
 Poisonous Vapours        Pois/Air       #.....       63%         2    N/A
 Call Canine Familiar     Summ           #.......     85%         3    N/A
 Conjure Flame            Conj/Fire      #.......     85%         3    N/A
 Gell's Gravitas          Tloc           #.........   85%         3    N/A
 Mephitic Cloud           Conj/Pois/Air  #.......     85%         3    N/A
 Leda's Liquefaction      Hex/Erth       #.........   93%         4    N/A
 Petrify                  Tmut/Erth      #.......     99%         4    N/A
 Summon Ice Beast         Ice/Summ       #.......     99%         4    N/A
 Summon Lightning Spire   Summ/Air       #.......     99%         4    N/A
 Bolt of Magma            Conj/Fire/Erth #.........   100%        5    N/A
 Iskenderun's Battlesphe  Conj/Chrm      #.......     100%        5    N/A
 Metabolic Englaciation   Hex/Ice        #.........   100%        5    N/A
 Venom Bolt               Conj/Pois      #.........   100%        5    N/A
 Yara's Violent Unravell  Hex/Tmut       #.........   100%        5    N/A
 Freezing Cloud           Conj/Ice/Air   #.........   100%        6    N/A
 Iron Shot                Conj/Erth      #.........   100%        6    N/A
 Orb of Destruction       Conj           #.........   100%        7    N/A
 Ring of Flames           Chrm/Fire      #.........   100%        7    N/A
 Spellforged Servitor     Conj/Summ      #.........   100%        7    N/A
 Shatter                  Erth           #.........   100%        9    N/A
 Statue Form              Tmut/Erth      Unusable     N/A         6    N/A

Dungeon Overview and Level Annotations

Branches:
Dungeon (15/15)            Temple (1/1) D:4            Lair (0/6) D:11
    Orc (0/2) D:12         Vaults (0/5) D:14
 Depths: D:15

Altars:
Ashenzari
Cheibriados
Dithmenos
Fedhas
Gozag
Kikubaaqudgha
Makhleb
Nemelex Xobeh
Okawaru
Wu Jian
Xom
Yredelemnul
The Shining One
Jiyva

Shops:
D:9 =

Annotations:
D:1 exclusion: downstairs
D:2 exclusion: 2 downstairs
D:5 exclusion: 2 downstairs
D:7 3 runed translucent doors, EtherCrawl's ghost, novice GnEn
D:8 3 runed translucent doors, Nuz's ghost, novice CeHu
D:9 exclusion: 2 downstairs
D:12 exclusions: 2 lava snakes and orange crystal statue


Innate Abilities, Weirdness & Mutations

You do not eat or drink.
Your flesh is vulnerable to fire.
You are immune to poison.
Your flesh is cold resistant. (rC+)
You are immune to negative energy. (rN+++)
You are immune to unholy pain and torment.
You can survive without breathing.
You are in touch with the powers of death.


Message History

You slice the slime creature!!
Lightning courses through the slime creature!!
You kill the slime creature!
Your Fighting skill increases to level 10!
The troll bites you.
* * * LOW HITPOINT WARNING * * *
The troll misses you. x2; The slime creature hits you!
* * * LOW HITPOINT WARNING * * *
You completely miss the troll.
The troll is severely wounded.
You completely miss the slime creature. The troll bites you but does no damage.
The troll misses you. The troll closely misses you.
The slime creature hits you but does no damage.
Unknown command.
You hit the troll.
The troll is severely wounded.
You slash the slime creature! The troll barely misses you. x2
The troll claws you but does no damage. The slime creature hits you!
You die...
Your body crumbles into a pile of gold.

#..##'####'#.# #.#####
...###.##.####.#.# #.#
..............#.#.# #.#
.....##.##)#.##.#.# #.#
..............#.#.# #.#
.....#........#.#.. #.#
.... #.#.#.##.#.######.#
... #.#...##.#...)....# !..
#....T@J.##############
.....###..$$...............
..............(.....#######
≈≈≈≈..#############.#
≈≈≈≈..$.........# #J#
≈≈≈≈.T#########.# #.# .....
#.# #.# .... #.# #.# ###
#.# #.#


You could see a slime creature and a troll.

Vanquished Creatures
  3 hydras
  A fire dragon (D:15)
  Erica (D:10)
  A catoblepas (D:13)
  13 two-headed ogres
  3 ogre magi
  2 death knights
  A centaur warrior (D:14)
  Urug (D:10)
  5 skeletal warriors
  A deep elf knight (D:9)
  6 unseen horrors
  A wizard (D:14)
  A deep elf archer (D:14)
  3 orc knights
  5 deep elf magi
  A manticore (D:12)
  A salamander (shapeshifter) (D:10)
  5 cyclopes
  Joseph (D:10)
  3 trolls
  Prince Ribbit (D:6)
  6 slime creatures
  2 hippogriffs
  3 wraiths
  A spriggan (D:8)
  A water elemental (D:14)
  17 yaks
  A basilisk (D:15)
  3 hungry ghosts
  A vampire mosquito (D:13)
  3 acid dragons (D:15)
  A soldier ant (D:15)
  A water moccasin (D:12)
  2 porcupines (D:10)
  Duvessa (D:6)
  A black bear (shapeshifter) (D:13)
  9 orc warriors
  4 phantoms
  2 ice beasts
  4 sky beasts
  13 ogres
  2 necrophages
  A boggart (D:14)
  11 centaurs
  A crocodile (D:8)
  4 big kobolds
  A wyvern zombie (D:9)
  10 bullfrogs
  Dowan (D:6)
  A water moccasin zombie (D:5)
  12 scorpions
  21 killer bees
  A water moccasin skeleton (D:9)
  A troll zombie (D:12)
  4 howler monkeys
  An electric eel (D:8)
  7 crimson imps
  6 hounds
  A bullfrog zombie (D:8)
  2 centaur zombies
  3 bullfrog skeletons
  10 centaur skeletons
  10 orc priests
  6 jellies
  3 iguanas
  16 orc wizards
  12 worker ants
  2 killer bee zombies
  7 ogre zombies (D:12)
  A worker ant zombie (D:9)
  7 gnolls
  16 adders
  5 shadow imps
  3 oozes
  An adder zombie (D:5)
  2 adder skeletons
  2 worms
  2 dart slugs (D:4)
  5 leopard geckos
  55 orcs
  7 bats
  3 giant cockroaches
  4 goblins
  8 hobgoblins
  5 jackals
  22 kobolds
  2 quokkas
  3 frilled lizards
  A goblin skeleton (D:12)
  2 goblin zombies (D:12)
  A hobgoblin skeleton (D:12)
  3 hobgoblin zombies (D:12)
  3 leopard gecko skeletons
  3 orc skeletons (D:12)
  14 orc zombies (D:12)
  3 quokka skeletons
  7 rats
  6 fungi (D:11)
  A plant (D:11)
490 creatures vanquished.

Vanquished Creatures (others)
  A centaur (D:12)
  An orc wizard (D:9)
  A plant (D:11)
3 creatures vanquished.

Grand Total: 493 creatures vanquished

Notes
Turn   | Place    | Note
-------+----------+-------------------------------------------
     0 | D:1      | Flap the Mummy Fighter began the quest for the Orb.
     0 | D:1      | Reached XP level 1. HP: 18/18 MP: 1/1
   226 | D:1      | Reached XP level 2. HP: 18/24 MP: 2/2
   914 | D:2      | Reached XP level 3. HP: 16/29 MP: 3/3
  1139 | D:2      | Reached skill level 2 in Axes
  1899 | D:2      | Reached XP level 4. HP: 35/35 MP: 4/4
  2153 | D:2      | You fall through a shaft!
  2161 | D:3      | Reached skill level 3 in Axes
  2390 | D:3      | Noticed an ogre
  3358 | D:3      | Found an ornate altar of the Wu Jian Council.
  3489 | D:3      | Reached XP level 5. HP: 37/41 MP: 5/5
  4232 | D:3      | HP: 2/41 [ogre/+0 giant club (13)]
  4303 | D:3      | Killed an ogre
  4303 | D:3      | Reached skill level 4 in Axes
  4991 | D:4      | Reached XP level 6. HP: 40/47 MP: 6/6
  5157 | D:4      | Reached skill level 5 in Axes
  5854 | D:4      | Reached XP level 7. HP: 52/52 MP: 7/7
  5864 | D:4      | Reached skill level 6 in Axes
  6009 | D:4      | Found a staircase to the Ecumenical Temple.
  6011 | D:4      | Found a faded altar of an unknown god.
  6088 | D:4      | Found a blossoming altar of Fedhas.
  6437 | Temple   | Entered the Ecumenical Temple
  6445 | Temple   | Became a worshipper of Gozag Ym Sagoz the Greedy
  6480 | D:5      | Entered Level 5 of the Dungeon
  6802 | D:5      | Reached skill level 7 in Axes
  7107 | D:5      | Found an iron altar of Okawaru.
  7123 | D:5      | Found a snail-covered altar of Cheibriados.
  7151 | D:5      | Reached XP level 8. HP: 47/58 MP: 8/8
  7177 | D:5      | Got a scorched ring mail
  7188 | D:5      | Identified the +1 ring mail of Satisfaction {*Corrode *Slow
                  | rC++ Str+8} (You found it on level 5 of the Dungeon)
  7354 | D:5      | Found a sparkling altar of Nemelex Xobeh.
  7506 | D:5      | Reached skill level 8 in Axes
  7821 | D:5      | Found a glowing golden altar of the Shining One.
  7844 | D:5      | Found a shadowy altar of Dithmenos.
  8170 | D:6      | Found a basalt altar of Yredelemnul.
  8193 | D:6      | Reached skill level 9 in Axes
  8393 | D:6      | Noticed Prince Ribbit
  8414 | D:6      | Noticed Dowan
  9002 | D:6      | Noticed Duvessa
  9018 | D:6      | Killed Duvessa
  9020 | D:6      | Killed Dowan
  9153 | D:6      | Killed Prince Ribbit
  9153 | D:6      | Reached XP level 9. HP: 64/64 MP: 9/9
  9823 | D:7      | Got a steaming silver ring
  9852 | D:7      | Identified the ring of Contentment {*Corrode rPois Int+9
                  | Dex+3} (You found it on level 7 of the Dungeon)
  9918 | D:7      | Reached skill level 10 in Axes
 10070 | D:7      | Learned a level 1 spell: Confusing Touch
 10114 | D:7      | Found a runed translucent gate.
 10115 | D:7      | Found a runed translucent gate.
 10115 | D:7      | Found a runed translucent gate.
 10119 | D:7      | Noticed EtherCrawl's ghost (novice GnEn)
 10256 | D:8      | Found a runed translucent gate.
 10256 | D:8      | Found a runed translucent gate.
 10258 | D:8      | Found a runed translucent gate.
 10260 | D:8      | Noticed Nuz's ghost (novice CeHu)
 10262 | D:8      | Found a viscous altar of Jiyva.
 10462 | D:8      | Found a shimmering altar of Xom.
 10826 | D:8      | Found a shattered altar of Ashenzari.
 11173 | D:8      | Reached XP level 10. HP: 54/73 MP: 10/10
 11450 | D:9      | Noticed a two-headed ogre
 11461 | D:9      | Killed a two-headed ogre
 11461 | D:9      | Reached skill level 5 in Fighting
 12023 | D:9      | Reached skill level 5 in Armour
 12970 | D:9      | Found Emichub's Jewellery Shoppe.
 12973 | D:9      | Bought an uncursed amulet of regeneration for 360 gold
                  | pieces
 12973 | D:9      | Bought the ring of Impatience {rPois rF+ rC+ MP+9 Stlth-}
                  | for 525 gold pieces
 12982 | D:9      | Identified a scroll of acquirement
 13334 | D:10     | Entered Level 10 of the Dungeon
 13334 | D:10     | Noticed Erica
 13334 | D:10     | Noticed Urug
 13355 | D:10     | Noticed a deep elf knight
 13355 | D:10     | Noticed an orc knight
 13355 | D:10     | Noticed Joseph
 13368 | D:9      | Killed a deep elf knight
 13368 | D:9      | Reached skill level 11 in Axes
 13368 | D:9      | Reached skill level 5 in Shields
 13891 | D:10     | Killed Joseph
 13894 | D:10     | Killed Erica
 13894 | D:10     | Reached XP level 11. HP: 78/81 MP: 11/11
 13924 | D:9      | Killed an orc knight
 13952 | D:10     | Killed Urug
 14555 | D:10     | Noticed a +5 great sword
 15448 | D:11     | Killed an unseen horror
 15448 | D:11     | Reached skill level 12 in Axes
 15624 | D:11     | Found an opulent altar of Gozag.
 15779 | D:11     | Got a warped ivory amulet
 16401 | D:11     | Found a staircase to the Lair.
 16419 | D:11     | Noticed an eight-headed hydra
 16433 | D:11     | Killed a four-headed hydra
 16850 | D:12     | Reached XP level 12. HP: 91/91 MP: 12/12
 17236 | D:12     | Found a staircase to the Orcish Mines.
 17291 | D:12     | Reached skill level 13 in Axes
 17427 | D:11     | Identified the amulet "Olithr Ejysh" {Inacc Dex+6} (You
                  | found it on level 11 of the Dungeon)
 18581 | D:13     | Noticed a death knight
 18595 | D:13     | Killed a death knight
 18952 | D:13     | Noticed a catoblepas
 18981 | D:13     | Killed a catoblepas
 19331 | D:13     | Reached skill level 14 in Axes
 19331 | D:13     | Gained mutation: You are in touch with the powers of death.
                  | [Mummy growth]
 19331 | D:13     | Reached XP level 13. HP: 71/100 MP: 13/13
 19806 | D:14     | Reached skill level 1 in Spellcasting
 20120 | D:14     | Reached skill level 1 in Hexes
 20597 | D:14     | Found a gate to the Vaults.
 20792 | D:15     | Entered Level 15 of the Dungeon
 21417 | D:15     | Noticed a fire dragon
 21443 | D:15     | Killed a fire dragon
 21918 | D:15     | Reached skill level 5 in Spellcasting
 22120 | D:15     | Reached XP level 14. HP: 109/109 MP: 21/21
 22139 | D:15     | Reached skill level 15 in Axes
 22421 | D:15     | Reached skill level 10 in Fighting
 22423 | D:15     | Slain by a slime creature

Skill      XL: |  1  2  3  4  5  6  7  8  9 10 11 12 13 14 |
---------------+-------------------------------------------+-----
Shields        | 3 4 5 6 7 |  7.0
Axes           | 2 3 4 5 7 9 10 11 12 14 15 | 15.0
Armour         | 3 4 6 7 8 |  8.8
Fighting       | 4 5 7 8 9 10 | 10.0
Spellcasting   | 5 |  5.6
Hexes          | 3 4 |  4.1

Action                   |  1- 3 |  4- 6 |  7- 9 | 10-12 | 13-15 || total
-------------------------+-------+-------+-------+-------+-------++-------
Melee: War axe           |   149 |   175 |   449 |   108 |    26 ||   907
       Broad axe         |       |       |       |   589 |   292 ||   881
       Scimitar          |       |       |       |     5 |    14 ||    19
 Fire: Blowgun           |       |    18 |       |       |       ||    18
Throw: Tomahawk          |       |       |       |     1 |     1 ||     2
Evoke: Wand              |       |       |     3 |    10 |     2 ||    15
  Use: Scroll            |       |       |       |    19 |     4 ||    23
 Stab: Distracted        |       |       |     4 |     5 |       ||     9
Armor: Scale mail        |    90 |    91 |   134 |   304 |   104 ||   723
       Ring mail         |       |       |    41 |       |       ||    41
Dodge: Dodged            |    62 |    68 |   114 |   284 |   147 ||   675
Block: Shield            |    81 |    94 |   200 |   129 |       ||   504
       Buckler           |       |       |       |   113 |    89 ||   202
       Reflection        |       |       |       |    12 |     1 ||    13
       Rpst.: Scimitar   |       |       |       |     1 |     1 ||     2
